Jacqueline, chaotic female vampiric Convict -------------- ---------- #.........%...| |.........##############################|........%....# |........| #|............|# |........| #|............|# |........-# ###-------.----.-# |........|# # ### ## # |......>.|### ------------- ### # # # -------.-- # |.....|.....| ##################### ## ## ### |....)......-### %-----.---|-# #------ # # |.....|.{...|######|.........|# #.....| ########## ##..IV_.|.....| ### |.........|# |....| ----|----------- |..%).|.....| #### |......(..|########.....| |....%.........| |...........| # ##-.........| ------ |..............|####0##......|.....|## |.........| |..............-# ------------- ----------- ---------------- Jacqueline the Jail-bird Experience level: 6 Strength: 11 Dexterity: 16 Constitution: 17 Intelligence: 12 Wisdom: 10 Charisma: 6 Health: 0(55) Energy: 40(40) AC: 9 Gold: 709 Moves: 2201 Your Inventory: Coins $ - 709 gold pieces Armor b - an uncursed +0 striped shirt (being worn) r - an [uncursed] +0 iron skull cap [orcish helm] (being worn) Scrolls h - an [uncursed] scroll labeled READ ME [of confuse monster] l - an [uncursed] scroll labeled ASHPD [of enchant weapon] q - a [blessed] scroll labeled DAIYEN FOOELS [of create monster] Spellbooks p - an [uncursed] spellbook of force bolt Potions g - an [uncursed] fizzy potion [of hallucination] m - an [uncursed] ochre potion [of sleeping] Rings o - an [uncursed] ruby ring [of levitation] Gems a - 7 uncursed rocks (in quiver) Iron balls c - an [uncursed] heavy iron ball (chained to you) (weapon in hand) Spells known in the end: Name Level Category Fail Memory a - force bolt 1 attack 46% [||||||||] Your skills at the end: Fighting Skills Weapon Skills sling [Basic / Skilled] Spellcasting Skills Final Attributes: You were piously aligned. Hunger level was 199. Your alignment was 20 / 21. Monster difficulty range was 0 - 5. Level difficulty was 5. You were immune to level-drain. You were immune to sickness. You were blinded. You were punished. You could fly. You could survive without air. You regenerated. You were lucky (1). You are dead. Vanquished creatures: a rock piercer a rock mole a yellow light a gnome lord 4 hill orcs 3 iguanas a large kobold 7 giant rats a cave spider a green mold 2 geckos a jackal a fox a kobold a goblin 2 sewer rats 2 grid bugs 3 lichens 2 kobold zombies 6 newts 42 creatures vanquished. Voluntary challenges: You never hit with a wielded weapon. You read items or engraved 1 time. You put on armor 4 times. You never genocided any monsters. You never polymorphed an object. You never changed form. You used no wishes. You never wrote Elbereth's name. You never encountered a bones level. You never used any Sokoban shortcuts. Dungeon overview: The Dungeons of Doom: levels 1 to 5 Level 1 a fountain, a sink a long staircase Level 2 some fountains a long staircase Level 3 some fountains Level 4 a general store, some fountains Level 5 <- You were here a fountain History has recorded: On T:1 you entered the Dungeons of Doom to retrieve the Amulet of Yendor! On T:485 you reached level 2 of The Dungeons of Doom. On T:607 you advanced to experience level 2. On T:756 you advanced to experience level 3. On T:1024 you reached level 3 of The Dungeons of Doom. On T:1376 you advanced to experience level 4. On T:1507 you reached level 4 of The Dungeons of Doom. On T:1713 you advanced to experience level 5. On T:1775 you reached level 5 of The Dungeons of Doom. On T:2197 you advanced to experience level 6. Latest messages: It hits! [HP-9=30] It hits! [HP-5=25] Wait! There's something there you can't see! [HP+1=26] It hits! (2x) [HP-5=21] You are having a tough time swinging the heavy iron ball. You kill it! Welcome to experience level 6. It hits! [HP-5=16] It hits! [HP-3=13] You kill it! [HP+1=14] It hits! [HP-10=4] You miss it. You bite it. It hits! You die... Final status: Goodbye Jacqueline the Convict... You died in The Dungeons of Doom on dungeon level 5 with 1811 points, and 709 pieces of gold, after 2201 moves. You were level 6 with a maximum of 55 hit points when you died.